 Dungeon Crawl Stone Soup version 0.28.0 (webtiles) character file.

Game seed: 1862814668565252345

37 a3don the Insei (level 3, 0/28 HPs)
             Began as a Demigod Transmuter on Feb 17, 2022.
             Slain by an adder (4 damage)
             ... on level 2 of the Dungeon.
             The game lasted 00:02:56 (2015 turns).

a3don the Insei (Demigod Transmuter)                Turns: 2015, Time: 00:02:56

Health: 0/28       AC:  2    Str: 11    XL:     3   Next: 7%
Magic:  6/8        EV: 12    Int: 19    God:
Gold:   16         SH:  0    Dex: 14    Spells: 3/6 levels left

rFire   . . .      SeeInvis .   c - +0 short sword
rCold   . . .      Faith    .   (no shield)
rNeg    . . .      Spirit   .   a - +0 robe
rPois   .          Reflect  .   (no helmet)
rElec   .          Harm     .   (no cloak)
rCorr   .          Rampage  .   (no gloves)
Will    .....                   (no boots)
Stlth   +.........              (no amulet)
HPRegen 0.09/turn               (no ring)
MPRegen 0.11/turn               (no ring)

@: wereblooded
A: high MP 1, forlorn, divine attributes
a: no special abilities


You were on level 2 of the Dungeon.
You visited 1 branch of the dungeon, and saw 2 of its levels.

You collected 16 gold pieces.

Inventory:

Hand Weapons
 c - a +0 short sword (weapon)
Missiles
 d - 4 poisoned darts
Armour
 a - a +0 robe (worn)
Jewellery
 f - a ring of protection from cold
Scrolls
 b - a scroll of enchant weapon {unknown}
Potions
 e - a potion of curing {unknown}


   Skills:
 + Level 1.3 Fighting
 + Level 2.1 Dodging
 + Level 3.0 Unarmed Combat
 + Level 2.0 Spellcasting
 + Level 2.1 Transmutations
 + Level 0.5 Poison Magic


You had 3 spell levels left.
You knew the following spells:

 Your Spells              Type           Power      Damage    Failure   Level
a - Beastly Appendage     Tmut           18%        N/A       7%          1
b - Wereblood             Tmut           9%         N/A       11%         2

Your spell library contained the following spells:

 Spells                   Type           Power      Damage    Failure   Level
 Spider Form              Tmut/Pois      7%         N/A       28%         3
 Gell's Gravitas          Tloc           1%         N/A       45%         3
 Lesser Beckoning         Tloc           1%         N/A       45%         3
 Teleport Other           Tloc           1%         N/A       45%         3
 Ice Form                 Ice/Tmut       5%         N/A       73%         4


Dungeon Overview and Level Annotations

Branches:
Dungeon (2/15)


Innate Abilities, Weirdness & Mutations

You have an increased reservoir of magic. (+10% MP)
You shall have no god before yourself.
Your divine heritage dramatically boosts your attributes as you level up.


Message History

You hit the adder.
The adder is lightly wounded.
The adder barely misses you. The adder closely misses you.
You miss the adder. Your headbutt misses the adder.
The adder is lightly wounded.
The adder misses you.
You hit the adder. Your kick misses the adder.
The adder is moderately wounded.
Your transformation is almost over.
The adder barely misses you. x2
You miss the adder. Your kick misses the adder.
The adder is moderately wounded.
The adder bites you.
You are poisoned.
The adder poisons you!
You hit the adder but do no damage. Your headbutt misses the adder.
The adder is moderately wounded.
You feel sick. The adder barely misses you. x2
You barely miss the adder. Your headbutt misses the adder.
The adder is moderately wounded.
You feel sick. The adder bites you but does no damage.
Casting: Beastly Appendage (safe; 7% risk of failure)
Confirm with . or Enter, or press ? or * to list all spells.
Your blood is infused with primal strength.
You feel sick.
You are no longer poisoned.
The adder bites you.
* * * LOW HITPOINT WARNING * * *
You closely miss the adder. Your kick misses the adder. You headbutt the adder.
The adder is moderately wounded.
The adder closely misses you. The adder bites you.
* * * LOW HITPOINT WARNING * * *
You miss the adder. Your kick misses the adder.
The adder is moderately wounded.
The adder completely misses you.
You barely miss the adder.
The adder is moderately wounded.
Your horns disappear.
Your talons disappear.
The adder barely misses you. The adder bites you.
You die...

......## #.....
###.#..## ...##.#
#..##..#####.....#
...#
##.......##<.# ###
######>..#.#
##....# #.##.#
#..#.# ##.#@#
##########.#S#
#..........#w#
##..........#.#
..............#
...........##
........w..#
##.#...##.#
#####........##


You could see an adder and a dart slug.

Vanquished Creatures
  A dart slug (D:2)
  4 ball pythons
  4 bats (D:1)
  3 endoplasms (D:1)
  3 giant cockroaches (D:1)
  2 goblins
  2 hobgoblins
  4 kobolds
  3 quokkas (D:1)
  7 rats
33 creatures vanquished.

Notes
Turn   | Place    | Note
-------+----------+-------------------------------------------
     0 | D:1      | a3don the Demigod Transmuter began the quest for the Orb.
     0 | D:1      | Reached XP level 1. HP: 15/15 MP: 5/5
    45 | D:1      | Reached skill level 1 in Fighting
   233 | D:1      | Reached XP level 2. HP: 22/23 MP: 4/7
   490 | D:1      | Learned a level 2 spell: Wereblood
  1867 | D:2      | Reached skill level 3 in Unarmed Combat
  1870 | D:2      | Reached XP level 3. HP: 22/28 MP: 8/8
  2015 | D:2      | Slain by an adder

Illustrated notes

Levels and vault maps discovered:
D:1:      nicolae_arrival_washed_ashore, layout_basic
D:2:      layout_rooms, chequers_ecumenical_altar_simple_redux, hex_medium

Skill      XL: |  1  2 |
---------------+-------+-----
Fighting       | 1 |  1.3
Dodging        | 2 |  2.1
Transmutations | 2 |  2.1
Spellcasting   | 2 |  2.0
Unarmed Combat | 3 |  3.0
Poison Magic   | |  0.5

Action                   || total
-------------------------++-------
Melee: Unarmed           ||    18
       Kick              ||    19
       Headbutt          ||     9
       Short sword       ||    82
       Punch             ||     2
 Cast: Beastly Appendage ||    23
       Wereblood         ||     1
Armor: Robe              ||    27
Dodge: Dodged            ||    88
